 Dungeon Crawl Stone Soup version 0.18-a0-1014-g3bbf375 (webtiles) character file.

3097 4thArraOfDagon the Cleaver (level 9, 0/82 HPs)
             Began as a Hill Orc Berserker on Jan 6, 2016.
             Was a Believer of Trog.
             Slain by a crocodile (3 damage)
             ... on level 10 of the Dungeon.
             The game lasted 00:13:33 (2387 turns).

4thArraOfDagon the Cleaver (Hill Orc Berserker)     Turns: 2387, Time: 00:13:34

Health: 0/82       AC:  9    Str: 20    XL:     9   Next: 90%
Magic:  9/9        EV:  2    Int: 13    God:    Trog [**....]
Gold:   122        SH:  0    Dex: 10    Spells: 0 memorised, 8 levels left

rFire  . . .     SeeInvis .     a - +0 hand axe
rCold  . . .     Gourm    .     e - +0 ring mail
rNeg   + + +     Faith    +     (no shield)
rPois  ∞         Spirit   .     o - +0 helmet
rElec  .         Dismiss  .     (no cloak)
rCorr  .         Reflect  .     j - +0 pair of gloves
SustAt .         Harm     .     (no boots)
MR     .....                    z - amulet of faith
Stlth  ..........               y - +3 ring of intelligence
                                (no ring)

@: lethally poisoned (0 -> 0), exhausted, petrified, slowed, not resistant to
hostile enchantments, extremely unstealthy
A: no striking features
a: Berserk, Trog's Hand, Burn Spellbooks, Renounce Religion


You were on level 10 of the Dungeon.
You worshipped Trog.
Trog was pleased with you.
You were hungry.

You visited 1 branch of the dungeon, and saw 10 of its levels.

You collected 311 gold pieces.
You spent 189 gold pieces at shops.

Inventory:

Hand Weapons
 a - a +0 hand axe (weapon)
Armour
 e - a +0 ring mail (worn)
 j - a +0 pair of gloves (worn)
 o - a +0 helmet (worn)
Jewellery
 n - an uncursed amulet of resist corrosion
 y - a +3 ring of intelligence (right hand)
 z - an amulet of faith (around neck)
Wands
 f - a wand of disintegration (10/24)
 p - a wand of teleportation (4/9)
 u - a wand of frost (19/48)
 v - a wand of confusion (12/48)
 B - a wand of frost (34/48)
Scrolls
 b - 3 scrolls of remove curse
 d - 6 scrolls of identify
 g - a scroll of recharging {unknown}
 k - 2 scrolls of blinking {unknown}
 m - a scroll of enchant weapon {unknown}
 q - a scroll of immolation {unknown}
 s - a scroll of enchant armour
 t - a scroll of vulnerability {unknown}
 A - 2 scrolls of teleportation
 C - a scroll of magic mapping {unknown}
 D - a scroll of noise {unknown}
 E - a scroll of fog {unknown}
Potions
 l - a potion of heal wounds
 r - a potion of brilliance
Books
 w - a book of the Tempests

   Spells                             Type                      Level
   a - Static Discharge               Conjuration/Air              3
   b - Lightning Bolt                 Conjuration/Air              5
   c - Fireball                       Conjuration/Fire             5
   d - Tornado                        Air                          9
   e - Shatter                        Earth                        9
   Trog disapproves of the use of such an item.
Comestibles
 c - a bread ration
 h - a beef jerky
 i - 5 meat rations
 x - a slice of pizza


   Skills:
 + Level 8.8 Fighting
 * Level 12.7 Axes
 + Level 7.6 Armour
 - Level 1.5 Dodging


You had 8 spell levels left.
You didn't know any spells.

Dungeon Overview and Level Annotations

Branches:
Dungeon (10/15)            Temple (0/1) D:6
   Lair: D:8-11         Orc: D:9-12

Altars:
Ashenzari
Fedhas
Vehumet
The Shining One

Shops:
D:4 :![!   D:6 ?

Annotations:
D:3 1 runed door


Message History

A yak comes into view.
The yak bellows!
The crocodile bites you but does no damage.
A yak comes into view.
The yak bellows!
The crocodile bites you!
* * * LOW HITPOINT WARNING * * *
The yak moves out of view.
The crocodile bites you but does no damage.
The crocodile bites you.
* * * LOW HITPOINT WARNING * * *
A river rat comes into view.
The crocodile bites you but does no damage.
A yak comes into view.
The yak bellows!
The crocodile bites you!
* * * LOW HITPOINT WARNING * * *
The crocodile bites you but does no damage.
The crocodile bites you!
You die...

#.............
######....###+#####
#..###....#........
#.........#........
.......#.........#........
.......#)........'........
.......#).†......#........
.......#..)†.....#........
.......#.@.......#........
.....[.#tY.......#........
.......#'#######.#........
.l.............###########
...............#
Y..r.Y.........#
...............#
...Y...........#
...............#


You could see 3 yaks and a crocodile.

Vanquished Creatures
  Prince Ribbit (D:6)
  2 basilisks (D:10)
  Menkaure (D:6)
  3 porcupines (D:10)
  A sky beast (D:7)
  A black bear (D:7)
  An orc warrior (D:10)
  A necrophage (D:9)
  3 ogres
  4 centaurs
  3 giant frogs
  A wyvern zombie (D:9)
  2 scorpions (D:9)
  6 killer bees (D:7)
  A crimson imp (D:5)
  A centaur zombie (D:6)
  A giant frog zombie (D:5)
  6 hounds
  A giant frog skeleton (D:7)
  A centaur skeleton (D:5)
  2 orc wizards
  4 worker ants
  A hound zombie (D:7)
  A worker ant zombie (D:7)
  Robin (D:3)
  9 adders
  2 river rats (D:10)
  An ooze (D:7)
  A worm (D:2)
  2 giant geckos
  9 orcs
  5 giant cockroaches
  8 goblins
  8 hobgoblins
  2 quokkas
  A ball python (D:5)
  6 bats
  A giant gecko skeleton (D:4)
  3 giant newts
  2 rats (D:1)
110 creatures vanquished.

Vanquished Creatures (others)
  A fungus (D:10)
1 creature vanquished.

Grand Total: 111 creatures vanquished

Notes
Turn   | Place    | Note
--------------------------------------------------------------
     0 | D:1      | 4thArraOfDagon the Hill Orc Berserker began the quest for the Orb.
     0 | D:1      | Reached XP level 1. HP: 19/19 MP: 1/1
    92 | D:2      | Reached XP level 2. HP: 27/27 MP: 2/2
   103 | D:2      | Reached XP level 3. HP: 33/33 MP: 3/3
   157 | D:3      | Found a glowing golden altar of the Shining One.
   158 | D:3      | Found a runed door.
   158 | D:3      | Noticed an angel
   177 | D:4      | Found Beme's Distillery.
   227 | D:4      | Found Tinidyka's Distillery.
   263 | D:4      | Bought a potion of heal wounds for 70 gold pieces
   263 | D:4      | Bought a potion of poison for 14 gold pieces
   320 | D:4      | Found Akleodonwo's Book Shop.
   440 | D:5      | Entered Level 5 of the Dungeon
   472 | D:4      | Found Bugixi's Armour Boutique.
   489 | D:4      | Reached skill level 5 in Axes
   558 | D:5      | Reached XP level 4. HP: 34/40 MP: 4/4
   608 | D:5      | Reached XP level 5. HP: 29/47 MP: 5/5
   616 | D:5      | Reached ** piety under Trog
   653 | D:5      | Reached skill level 6 in Axes
   661 | D:5      | Reached skill level 5 in Fighting
   661 | D:5      | Reached XP level 6. HP: 35/56 MP: 6/6
   789 | D:5      | Reached skill level 7 in Axes
   872 | D:3      | Noticed Robin
   881 | D:3      | Killed Robin
  1124 | D:6      | Noticed Prince Ribbit
  1145 | D:6      | Killed Prince Ribbit
  1145 | D:6      | Reached skill level 8 in Axes
  1145 | D:6      | Reached XP level 7. HP: 42/62 MP: 7/7
  1177 | D:6      | Found Sianaj's Magic Scroll Emporium.
  1188 | D:6      | Bought a scroll of enchant armour for 105 gold pieces
  1337 | D:7      | Reached skill level 5 in Armour
  1376 | D:6      | Reached skill level 9 in Axes
  1376 | D:6      | Reached XP level 8. HP: 29/71 MP: 8/8
  1382 | D:6      | Noticed Menkaure
  1404 | D:6      | Killed Menkaure
  1470 | D:6      | im dead
  1597 | D:7      | Reached skill level 10 in Axes
  1609 | D:6      | Found a shattered altar of Ashenzari.
  1612 | D:6      | Found a staircase to the Ecumenical Temple.
  1743 | D:7      | Found a blossoming altar of Fedhas.
  1756 | D:7      | Reached XP level 9. HP: 57/79 MP: 9/9
  1813 | D:7      | Reached skill level 11 in Axes
  2064 | D:9      | Found a radiant altar of Vehumet.
  2278 | D:10     | Entered Level 10 of the Dungeon
  2359 | D:10     | Reached skill level 12 in Axes
  2385 | D:10     | HP: 2/82 [crocodile (4)]
  2387 | D:10     | Slain by a crocodile

Vault maps used:
D:1:      lightli_arrival_maybe_door_vault
D:2:      first_bread, grunt_ministairs_6, lemuel_old_faithful, uniq_sigmund
D:3:      lemuel_angel_altar, uniq_robin
D:4:      serial_shops, shop, shop_coins, nicolae_shop_waterfront, shop,
          kennysheep_mini_moat, minivault_19
D:5:      kennysheep_nub
D:6:      overflow_temple_1_default, minmay_temple_entry_statues_fountains,
          serial_shops, shop, uniq_menkaure, uniq_prince_ribbit1
D:7:      grunt_pakellas_basics, fedhas_altar_3
D:8:      kennysheep_mini, marbit_many_paths, uniq_pikel
D:9:      grunt_temple_overflow_diamond
D:10:     minmay_lair_entry_grove, basic_altar

Action                   |  1- 3 |  4- 6 |  7- 9 || total
-------------------------+-------+-------+-------++-------
Melee: Hand axe          |    52 |   117 |   254 ||   423
Invok: Berserk           |     4 |     4 |    12 ||    20
       Trog's Hand       |       |     2 |    16 ||    18
Evoke: Wand              |       |       |     5 ||     5
  Use: Potion            |       |     2 |       ||     2
       Scroll            |       |     1 |     5 ||     6
 Stab: Confused          |       |       |     1 ||     1
  Eat: Chunk             |     2 |     6 |    18 ||    26
       Pizza             |       |       |     1 ||     1
